 Dungeon Crawl Stone Soup version 0.17.1-1-g73c8601 (webtiles) character file.

1019 Jeelzebub the Chopper (level 8, 0/64 HPs)
             Began as a Mummy Chaos Knight on Mar 20, 2016.
             Slain by a green ugly thing (14 damage)
             ... on level 7 of the Dungeon.
             The game lasted 00:08:57 (3856 turns).

Jeelzebub the Chopper (Mummy Chaos Knight)          Turns: 3856, Time: 00:08:58

Health: 0/64       AC:  3    Str: 18    XL:     8   Next: 2%
Magic:  8/8        EV: 11    Int: 11    God:    Xom [.*....]
Gold:   299        SH:  0    Dex: 11    Spells: 0 memorised, 7 levels left

rFire  . . .     SeeInvis .     e - +1 hand axe (distort)
rCold  + . .     Clarity  .     q - +0 leather armour (curse)
rNeg   + + +     SustAt   .     (no shield)
rPois  ∞         Gourm    .     (no helmet)
rElec  .         Spirit   .     (no cloak)
rCorr  .         Warding  .     (no gloves)
rMut   .         Stasis   .     (no boots)
MR     +....                    (no amulet)
Stlth  +.........               k - ring of fire
                                f - ring of protection from cold

@: about to teleport, somewhat resistant to hostile enchantments, very
unstealthy
A: no food or potions, fire vulnerability, cold resistance 1, negative energy
resistance 3, torment resistance, unbreathing
a: Renounce Religion


You were on level 7 of the Dungeon.
You worshipped Xom.
You were a plaything of Xom.
You were not hungry.

You visited 1 branch of the dungeon, and saw 7 of its levels.

You collected 299 gold pieces.

Inventory:

Hand Weapons
 a - a +0 falchion of chaos
 e - a +1 hand axe of distortion (weapon)
Missiles
 h - 2 throwing nets (quivered)
 s - 5 silver tomahawks
Armour
 b - a +2 leather armour
 q - a cursed +0 leather armour (worn)
Jewellery
 f - a ring of protection from cold (left hand)
 k - a ring of fire (right hand)
 n - an uncursed ring of magical power {unknown}
Wands
 r - a wand of slowing (17)
Scrolls
 c - 8 scrolls of identify
 d - a scroll of teleportation
 g - 2 scrolls of enchant armour {unknown}
 i - 5 scrolls of remove curse {unknown}
 j - 3 scrolls of recharging {unknown}
 o - a scroll of noise {unknown}
 p - 4 scrolls of random uselessness {unknown}
Comestibles
 m - 14 royal jellies


   Skills:
 + Level 5.9 Fighting
 - Level 2.7 Long Blades
 - Level 6.1 Axes
 - Level 1.7 Armour
 - Level 0.8 Dodging


You had 7 spell levels left.
You didn't know any spells.

Dungeon Overview and Level Annotations

Branches:
Dungeon (7/15)             Temple (0/1) D:7

Altars:
Elyvilon
Sif Muna
Vehumet
Xom
Zin

Annotations:
D:4 Natasha


Innate Abilities, Weirdness & Mutations

You do not eat or drink.
Your flesh is vulnerable to fire.
You are immune to poison.
Your flesh is cold resistant.
You are immune to negative energy.
You are immune to unholy pain and torment.
You can survive without breathing.


Message History

Read which item? (? for menu, Esc to quit)
As you read the scroll of teleportation, it crumbles to dust.
You feel strangely unstable. The orc hits you with a club.
* * * LOW HITPOINT WARNING * * *
The centaur says, "Why is everything spinning?"
The worker ant bites you.
* * * LOW HITPOINT WARNING * * *
You hit the orc.
You kill the orc!
You barely miss the green ugly thing.
The green ugly thing is lightly wounded.
You hit the centaur.
The centaur is lightly wounded.
The centaur blinks!
You hit the worker ant but do no damage.
Space bends around the worker ant.
The worker ant is severely wounded.
The worker ant disappears!
The green ugly thing kicks you!
You die...
Xom guffaws!

*<#...,,,,,,,,,,,,,,,*
*,(..#**#..♣.....,*,,*
**#..####........,,,,***
#..#......[.(..,,,,*,,
#(.#c##..♣.....,*,,,,,
#..#.##........,,,,,,,
#..#.##....♣..♣,,,,,,,
##...o§#........,,***,,
#....u@§........,,,,,,,
#....))##.###.##*****,,
#..##(##*.# *,* *,,
#..##)# *.# *,*******,,
#.....# *.# *,,,,,,,,,,
#<.#..# *.# *,******,,,
**#..#..#**.#**,** *,**
*,,,,#...,,..,,,,** *,*
*,***###.,,,,,,,,,** *,*


You could see a green ugly thing, a centaur (confused) and an orc.

Vanquished Creatures
  The ghost of pajamas the Ducker, a novice HaAr (D:4)
  A wolf (D:3)
  An orc warrior (D:7)
  An ice beast (D:6)
  An ogre (D:4)
  A crimson imp (D:5)
  A hound (D:4)
  An orc priest (D:3)
  Natasha (D:4)
  3 orc wizards
  4 worker ants
  4 adders
  An ooze (D:1)
  A worm (D:3)
  A giant gecko (D:1)
  11 orcs
  A ball python (D:2)
  5 hobgoblins
  4 bats (D:3)
  A giant cockroach (D:6)
  A giant gecko skeleton (D:5)
  A giant newt (D:3)
  4 goblins
  2 kobolds
  2 rats
55 creatures vanquished.

Vanquished Creatures (others)
  An orc (D:5)
1 creature vanquished.

Grand Total: 56 creatures vanquished

Notes
Turn   | Place    | Note
--------------------------------------------------------------
     0 | D:1      | Jeelzebub the Mummy Chaos Knight began the quest for the Orb.
     0 | D:1      | Reached XP level 1. HP: 18/18 MP: 1/1
   133 | D:1      | XOM: harmless Hex miscast
   161 | D:1      | Reached XP level 2. HP: 24/24 MP: 2/2
   215 | D:1      | XOM: silly message
   263 | D:2      | XOM: silly message
   339 | D:2      | Found a faded altar to an unknown god.
   435 | D:3      | Reached skill level 1 in Axes
   533 | D:3      | XOM: smoke on damage
   534 | D:3      | XOM: potion effect (brilliance)
   535 | D:3      | Reached XP level 3. HP: 21/29 MP: 3/3
   588 | D:4      | Noticed pajamas's ghost (novice HaAr)
   714 | D:4      | XOM: harmless Pois miscast
   727 | D:4      | XOM: divination: detect items
  1188 | D:3      | Reached XP level 4. HP: 6/35 MP: 4/4
  1279 | D:3      | XOM: 1-stop teleportation journey
  1318 | D:3      | XOM: god gift: 14 royal jellies
  1370 | D:3      | Noticed a wolf
  1370 | D:3      | an orc wizard changed into a wolf
  1370 | D:3      | XOM: polymorph orc wizard -> wolf
  1373 | D:3      | XOM: butterfly on damage
  1374 | D:3      | Killed a wolf
  1374 | D:3      | Reached skill level 4 in Axes
  1374 | D:3      | Reached XP level 5. HP: 12/41 MP: 5/5
  1520 | D:3      | XOM: medium Conj miscast
  1520 | D:3      | XOM: smoke on damage
  1826 | D:3      | XOM: mild Fire miscast
  2069 | D:3      | Found a deep blue altar of Sif Muna.
  2359 | D:4      | Noticed an ogre
  2363 | D:4      | XOM: summons friendly iron imp
  2368 | D:4      | Killed an ogre
  2368 | D:4      | Reached XP level 6. HP: 37/47 MP: 6/6
  2376 | D:5      | Entered Level 5 of the Dungeon
  2427 | D:4      | XOM: harmless Tloc miscast
  2434 | D:4      | XOM: potion effect (agility)
  2462 | D:4      | Killed pajamas's ghost
  2462 | D:4      | Reached skill level 5 in Axes
  2462 | D:4      | Reached XP level 7. HP: 37/52 MP: 7/7
  2463 | D:4      | Noticed Natasha
  2471 | D:4      | Reached skill level 6 in Axes
  2474 | D:4      | Killed Natasha
  2497 | D:4      | XOM: divination: detect creatures
  2513 | D:4      | XOM: harmless Divn miscast
  2557 | D:4      | Noticed Natasha
  2569 | D:4      | XOM is BORED!
  2569 | D:4      | XOM: mild Erth miscast
  2590 | D:4      | Found a white marble altar of Elyvilon.
  2664 | D:4      | Found a radiant altar of Vehumet.
  2696 | D:4      | XOM: divination: detect creatures
  2888 | D:4      | XOM: scenery: create altars
  2935 | D:4      | XOM: potion effect (agility)
  3150 | D:5      | XOM: harmless Pois miscast
  3567 | D:6      | XOM: silly message
  3592 | D:6      | Found a glowing silver altar of Zin.
  3595 | D:6      | Noticed an angel
  3598 | D:6      | Found a shimmering altar of Xom.
  3652 | D:6      | Reached skill level 5 in Fighting
  3652 | D:6      | XOM: harmless Conj miscast
  3840 | D:7      | Noticed a green ugly thing
  3843 | D:7      | Reached XP level 8. HP: 51/64 MP: 8/8
  3846 | D:7      | XOM: swap monsters
  3856 | D:7      | Slain by a green ugly thing

Action                   |  1- 3 |  4- 6 |  7- 9 || total
-------------------------+-------+-------+-------++-------
Melee: Falchion          |    24 |       |       ||    24
       Hand axe          |    49 |    44 |    91 ||   184
  Use: Scroll            |       |     2 |     2 ||     4
 Stab: Sleeping          |       |     1 |       ||     1
